 Dungeon Crawl Stone Soup version 0.18.1-8-gdd0e5ea (webtiles) character file.

556 Northaan the Skirmisher (level 7, -5/59 HPs)
             Began as a Merfolk Fighter on May 30, 2016.
             Was a Follower of Okawaru.
             Killed by nerve-wracking pain
             ... invoked by Menkaure
              (10 damage)
             ... on level 5 of the Dungeon.
             The game lasted 00:06:50 (4246 turns).

Northaan the Skirmisher (Merfolk Fighter)           Turns: 4246, Time: 00:06:51

Health: -5/59      AC: 10    Str: 18    XL:     7   Next: 30%
Magic:  7/7        EV:  6    Int:  8    God:    Okawaru [*.....]
Gold:   111        SH:  9    Dex: 13    Spells: 0 memorised, 6 levels left

rFire  . . .     SeeInvis .     a - +0 trident
rCold  . . .     Gourm    .     s - +1 chain mail
rNeg   . . .     Faith    .     c - +0 shield
rPois  +         Spirit   .     (no helmet)
rElec  .         Dismiss  .     q - +0 cloak
rCorr  .         Reflect  .     (no gloves)
SustAt .         Harm     .     (no boots)
MR     .....                    (no amulet)
Stlth  ..........               n - ring of poison resistance
                                (no ring)

@: not resistant to hostile enchantments, extremely unstealthy
A: change form in water, swift swim
a: Heroism, Renounce Religion


You were on level 5 of the Dungeon.
You worshipped Okawaru.
Okawaru was aware of your devotion.
You were not hungry.

You visited 1 branch of the dungeon, and saw 5 of its levels.

You collected 111 gold pieces.

Inventory:

Hand Weapons
 a - a +0 trident (weapon)
Missiles
 d - 4 tomahawks (quivered)
Armour
 c - a +0 shield (worn)
 q - a +0 cloak (worn)
 s - a +1 chain mail (worn)
Jewellery
 j - an uncursed ring of fire
 n - a ring of poison resistance (right hand)
Scrolls
 g - 2 scrolls of enchant armour
 h - a scroll of teleportation {unknown}
 i - a scroll of fear {unknown}
 l - 5 scrolls of remove curse
 r - a scroll of identify {unknown}
 w - a scroll of recharging
Potions
 b - a potion of cancellation {unknown}
 e - a potion of haste {unknown}
 k - a potion of heal wounds {unknown}
 t - a potion of resistance {unknown}
 u - a potion of flight {unknown}
 z - 3 potions of lignification {unknown}
Books
 v - a Fen Folio

   Spells                             Type                      Level
   a - Corpse Rot                     Necromancy                   2
   b - Stone Arrow                    Conjuration/Earth            3
   c - Leda's Liquefaction            Hexes/Earth                  4
   d - Summon Forest                  Summoning/Translocation      5
   e - Hydra Form                     Transmutation                6
   f - Summon Hydra                   Summoning                    7
Comestibles
 f - 4 bread rations
 m - 4 fruits
 o - 2 beef jerkies
 x - 3 meat rations
 A - a chunk of flesh


   Skills:
 * Level 6.8 Fighting
 + Level 6.4 Polearms
 - Level 2.1 Armour
 + Level 3.9 Dodging
 + Level 0.5 Stealth
 - Level 3.0 Shields


You had 6 spell levels left.
You didn't know any spells.

Dungeon Overview and Level Annotations

Branches:
Dungeon (5/15)
 Temple: D:4-7

Altars:
Okawaru
Vehumet
The Shining One

Annotations:
D:5 Blork the orc, Menkaure


Message History

Menkaure grins.
Menkaure barely misses you.
The orc priest hits you with a short sword.
* * * LOW HITPOINT WARNING * * *
Something hits you but does no damage.
Menkaure's bandages flutter.
Menkaure calls on the powers of darkness!
Your body is wracked with pain!
* * * LOW HITPOINT WARNING * * *
The orc wizard convulses!
The orc convulses!
The orc priest convulses!
The orc convulses!
Read which item? (? for menu, Esc to quit)
As you read the scroll labeled RESHRU YSOEGH, it crumbles to dust.
It is a scroll of enchant armour.
Enchant which item? (? for menu, Esc to quit)
Your +0 chain mail glows green for a moment.
You block the orc's attack. Something hits you but does no damage.
Menkaure casts a spell at you. Pain shoots through your body!
You die...

.# #.......#####.. .
#.......# #.. .....
#.......# #M. #####+ #....
#.......# #.. ...... #....
#.......# #.. ...... .+....
#.......# #.. ......
..#.... #.......# #..
#####+###......####.......#
#.. .........#
#.oo@M........# #..
.........# #..oo{...>....#
#.. .........#
#.............# #..
.....o...# #......########
#.. .....oo<.# #......# #..
....o....# #......# ###
......#### ##.....# ......#
#.....# ......# #.....#


You could see Menkaure, an orc priest, an orc wizard and 2 orcs.

Vanquished Creatures
  2 phantoms (D:4)
  A scorpion (D:4)
  A centaur zombie (D:5)
  2 hounds (D:4)
  A giant frog skeleton (D:4)
  2 worker ants (D:4)
  3 gnolls (D:4)
  7 adders
  2 adder skeletons (D:4)
  3 worms
  2 dart slugs
  A giant gecko (D:3)
  5 orcs
  2 ball pythons
  4 giant cockroaches
  3 goblins
  3 hobgoblins
  5 jackals
  4 quokkas
  3 bats
  3 giant newts
  3 kobolds
  8 rats
70 creatures vanquished.

Vanquished Creatures (others)
  A bat (D:2)
1 creature vanquished.

Grand Total: 71 creatures vanquished

Notes
Turn   | Place    | Note
--------------------------------------------------------------
     0 | D:1      | Northaan the Merfolk Fighter began the quest for the Orb.
     0 | D:1      | Reached XP level 1. HP: 18/18 MP: 1/1
   142 | D:1      | Reached XP level 2. HP: 23/25 MP: 2/2
   626 | D:2      | Reached XP level 3. HP: 14/30 MP: 3/3
   697 | D:2      | Found a radiant altar of Vehumet.
  1790 | D:2      | Reached skill level 1 in Dodging
  2219 | D:3      | Reached XP level 4. HP: 37/38 MP: 4/4
  2496 | D:4      | Reached skill level 5 in Fighting
  2667 | D:4      | Reached skill level 5 in Polearms
  2667 | D:4      | Reached XP level 5. HP: 37/44 MP: 5/5
  2699 | D:4      | Found an iron altar of Okawaru.
  2719 | D:4      | Became a worshipper of Warmaster Okawaru
  2854 | D:4      | Reached XP level 6. HP: 52/52 MP: 6/6
  2862 | D:4      | Noticed a phantom
  2895 | D:4      | Killed a phantom
  3066 | D:4      | Noticed a phantom
  3080 | D:4      | Killed a phantom
  3080 | D:4      | Reached * piety under Okawaru
  3080 | D:4      | Reached XP level 7. HP: 51/59 MP: 7/7
  3391 | D:5      | Entered Level 5 of the Dungeon
  3512 | D:5      | Noticed Blork the orc
  3810 | D:5      | Noticed Menkaure
  4144 | D:5      | Found a glowing golden altar of the Shining One.
  4246 | D:5      | Killed from afar by Menkaure

Skill      XL: |  1  2  3  4  5  6 |
---------------+-------------------+-----
Fighting       | 4 5 6 |  6.8
Polearms       | 4 5 6 |  6.4
Dodging        | 1 2 3 |  3.9
Armour         | |  2.1
Stealth        | |  0.5
Shields        | |  3.0

Action                   |  1- 3 |  4- 6 |  7- 9 || total
-------------------------+-------+-------+-------++-------
Melee: Trident           |   120 |   108 |    74 ||   302
  Use: Potion            |       |     1 |       ||     1
       Scroll            |       |       |     5 ||     5
  Eat: Chunk             |     4 |     3 |     3 ||    10
       Fruit             |       |       |     1 ||     1
Armor: Scale mail        |    35 |       |       ||    35
       Chain mail        |     2 |    20 |    36 ||    58
Dodge: Dodged            |    29 |    15 |    16 ||    60
Block: Shield            |    50 |    38 |    33 ||   121
